 Dungeon Crawl Stone Soup version 0.26.1-11-gd32895ea62 (webtiles) character file.

Game seed: 2774002781309333694

6027 hilljack the Geomancer (level 10, -7/60 HPs)
             Began as a Gargoyle Earth Elementalist on July 4, 2021.
             Was an Elder of Fedhas.
             Mangled by an ice devil (12 damage)
             ... on level 11 of the Dungeon.
             The game lasted 00:28:22 (11804 turns).

hilljack the Geomancer (GrEE)                      Turns: 11804, Time: 00:28:22

Health: -7/60      AC: 18    Str: 11    XL:     10   Next: 86%
Magic:  12/17      EV: 16    Int: 26    God:    Fedhas [****..]
Gold:   358        SH:  0    Dex: 16    Spells: 4/19 levels left

rFire    . . .     SeeInvis +   B - +3 spear
rCold    . . .     Faith    .   (no shield)
rNeg     + . .     Spirit   .   d - +2 robe "Affoali" {rElec Regen+}
rPois    ∞         Reflect  .   D - +1 helmet {SInv}
rElec    +         Harm     .   q - +0 cloak
rCorr    .         Rampage  .   l - +1 pair of gloves
Will     .....                  g - +0 pair of boots
Stlth    ++........             (no amulet)
HPRegen  0.60/turn              A - +6 ring of dexterity
MPRegen  0.15/turn              h - +6 ring of intelligence

@: no status effects
A: negative energy resistance 1, electricity resistance, unbreathing,
petrification resistance, miasma immunity, AC +7
a: Renounce Religion, Wall of Briars, Grow Ballistomycete, Overgrow


You were on level 11 of the Dungeon.
You worshipped Fedhas.
Fedhas was greatly pleased with you.
You visited 2 branches of the dungeon, and saw 12 of its levels.
You also visited: Sewer.

You collected 864 gold pieces.
You spent 506 gold pieces at shops.

Inventory:

Hand Weapons
 k - a +1 vampiric rapier
 B - a +3 spear (weapon)
Missiles
 b - 49 stones
 e - 3 boomerangs
Armour
 d - the +2 robe "Affoali" (worn) {rElec Regen+}
   (You found it on level 10 of the Dungeon)

   It insulates you from electricity.
   It increases your rate of regeneration.
 g - a +0 pair of boots (worn)
 l - a +1 pair of gloves (worn)
 q - a +0 cloak (worn)
 D - a +1 helmet of see invisible (worn)
Jewellery
 h - a +6 ring of intelligence (right hand)
 j - an uncursed ring of protection from cold
 A - a +6 ring of dexterity (left hand)
Wands
 f - a wand of digging (3)
 v - a wand of acid (4)
Scrolls
 o - 4 scrolls of remove curse
 p - 2 scrolls of amnesia
 s - 8 scrolls of teleportation
 y - a scroll of summoning
 C - 2 scrolls of blinking
Potions
 a - a potion of haste
 c - a potion of attraction
 i - 3 potions of magic
 m - a potion of ambrosia
 n - 10 potions of curing
 r - a potion of heal wounds
 t - a potion of brilliance {unknown}
 u - a potion of berserk rage {unknown}
 w - 3 potions of might
 z - 2 potions of invisibility


   Skills:
 + Level 6.3 Fighting
 - Level 0.4 Throwing
 - Level 5.4 Armour
 - Level 6.2 Dodging
 - Level 2.2 Stealth
 - Level 5.0 Spellcasting
 - Level 5.0 Conjurations
 - Level 2.0 Transmutations
 + Level 9.3 Earth Magic
 + Level 6.2 Invocations


You had 4 spell levels left.
You knew the following spells:

 Your Spells              Type           Power        Failure   Level
a - Sandblast             Erth           100%         1%          1
b - Passwall              Tmut/Erth      30%          1%          2
c - Stone Arrow           Conj/Erth      88%          1%          3
d - Petrify               Tmut/Erth      36%          8%          4
e - Lee's Rapid Deconstr  Erth           26%          4%          5

Your spell library contained the following spells:

 Spells                   Type           Power        Failure   Level
 Animate Skeleton         Necr           12%          8%          1
 Apportation              Tloc           12%          8%          1
 Corona                   Hex            6%           8%          1
 Pain                     Necr           24%          8%          1
 Summon Small Mammal      Summ           24%          8%          1
 Vampiric Draining        Necr           3%           22%         3
 Animate Dead             Necr           3%           58%         4
 Agony                    Necr           6%           91%         5


Dungeon Overview and Level Annotations

Branches:
Dungeon (11/15)            Temple (1/1) D:7           Sewer (visited)
   Lair: D:8-11         Orc: D:9-12

Altars:
Ashenzari
Cheibriados
Dithmenos
Elyvilon
Fedhas
Gozag
Hepliaklqana
Kikubaaqudgha
Makhleb
Nemelex Xobeh
Okawaru
Qazlal
Ru
Sif Muna
Trog
Uskayaw
Vehumet
Wu Jian
Xom
Yredelemnul
Zin
The Shining One

Shops:
D:6 *   D:7 (   D:10 *

Portals:
Ice
Cave: D:11

Annotations:
D:4 2 transporters
D:7 2 transporters, 2 runed translucent doors, exclusion: orange crystal statue, Silvore's ghost, novice DsGl


Innate Abilities, Weirdness & Mutations

You are resistant to torment.
Your stone body is resilient. (AC +7)
You are immune to poison.
You resist negative energy. (rN+)
You are resistant to electric shocks. (rElec)
You can survive without breathing.
You are immune to petrification.
You are immune to miasma.


Message History

The blast of sand hits the ice devil!
The ice devil is moderately wounded.
The ice devil hits you but does no damage.
Aiming: Sandblast (safe; 1% risk of failure)
Press: ? - help, Q - select action, (/) - cycle Shift-Dir - straight line, f/p - ice devil
Aim: an ice devil (moderately wounded, 16% to evade)
The blast of sand hits the ice devil!
The ice devil is heavily wounded.
The ice devil hits you! The ice devil freezes you!
* * * LOW HITPOINT WARNING * * *
Aiming: Sandblast (safe; 1% risk of failure)
Press: ? - help, Q - select action, (/) - cycle Shift-Dir - straight line, f/p - ice devil
Aim: an ice devil (heavily wounded, 16% to evade)
The blast of sand hits the ice devil.
The ice devil is severely wounded.
The ice devil hits you!
* * * LOW HITPOINT WARNING * * *
The ice devil freezes you!
You die...
Fedhas appreciates your contribution to the ecosystem.

. #### ## .. #.. .#
... ### #.###.# ..$o
#... #####.....#.....
#....##.'......[....#
#∩...4@.#.....<.....#
#....##.+...........#
#... ###########...#
### ..# .# #


You could see an ice devil.

Vanquished Creatures
  3 two-headed ogres
  An ice devil (D:11)
  Prince Ribbit (D:7)
  4 ice beasts
  2 orc warriors (D:7)
  A phantom (D:7)
  A black bear (D:10)
  2 necrophages (D:8)
  4 centaurs
  3 ogres
  A big kobold (D:7)
  A gnoll sergeant (D:8)
  10 bullfrogs
  4 scorpions
  3 howler monkeys
  A bullfrog zombie (D:10)
  4 jellies
  6 hounds
  2 orc priests (D:8)
  2 centaur skeletons
  3 orc wizards
  3 iguanas
  6 worker ants
  A hound skeleton (D:8)
  A mummy (D:7)
  12 adders
  11 gnolls
  5 white imps
  An ufetubus (D:8)
  3 adder skeletons
  4 worms
  2 dart slugs (D:1)
  4 leopard geckos
  18 orcs
  7 bats
  5 giant cockroaches
  14 goblins
  5 hobgoblins
  10 jackals
  7 quokkas
  4 ball pythons (Sewer)
  21 frilled lizards
  23 kobolds
  A leopard gecko zombie (D:7)
  10 rats
237 creatures vanquished.

Vanquished Creatures (others)
  11 fungi (D:4)
  16 plants
27 creatures vanquished.

Grand Total: 264 creatures vanquished

Notes
Turn   | Place    | Note
-------+----------+-------------------------------------------
     0 | D:1      | hilljack the Gargoyle Earth Elementalist began the quest
                  | for the Orb.
     0 | D:1      | Reached XP level 1. HP: 10/10 MP: 3/3
   532 | D:1      | Reached XP level 2. HP: 15/15 MP: 1/5
   833 | D:1      | Reached skill level 1 in Transmutations
   968 | D:1      | Reached skill level 4 in Earth Magic
  1043 | D:1      | Reached XP level 3. HP: 19/19 MP: 6/6
  1819 | D:1      | Reached XP level 4. HP: 22/24 MP: 4/7
  1984 | D:2      | Found a sacrificial altar of Ru.
  2203 | D:2      | Learned a level 2 spell: Passwall
  2207 | D:2      | Learned a level 3 spell: Stone Arrow
  2435 | D:2      | Reached XP level 5. HP: 28/28 MP: 7/9
  3012 | D:4      | Found a blossoming altar of Fedhas.
  3161 | D:4      | Became a worshipper of Fedhas Madash
  3182 | D:4      | Noticed a centaur
  3184 | D:4      | Noticed a wyvern
  3185 | D:4      | Found a transporter.
  3192 | D:4      | Found a transporter.
  3329 | D:4      | Reached skill level 1 in Conjurations
  3329 | D:4      | Reached skill level 5 in Earth Magic
  3472 | D:4      | Reached XP level 6. HP: 32/32 MP: 6/10
  3528 | D:4      | Found a stormy altar of Qazlal.
  3802 | D:4      | Reached skill level 6 in Earth Magic
  4000 | D:4      | Learned a level 4 spell: Petrify
  4068 | D:4      | Found a shimmering blue altar of Sif Muna.
  4177 | D:5      | Entered Level 5 of the Dungeon
  4275 | D:5      | Reached XP level 7. HP: 36/36 MP: 10/12
  4325 | D:5      | Reached * piety under Fedhas
  4452 | D:5      | Found a glowing silver altar of Zin.
  4786 | D:5      | Found a hazy altar of Hepliaklqana.
  5536 | D:6      | Found Wirydohi's General Store.
  5544 | D:6      | Reached XP level 8. HP: 38/41 MP: 8/14
  5594 | D:6      | Bought a scroll of summoning for 114 gold pieces
  5629 | D:6      | Found a glowing drain.
  5641 | Sewer    | Entered a sewer
  6060 | Sewer    | Reached ** piety under Fedhas
  6472 | D:6      | Found a hide-covered altar of Uskayaw.
  6472 | D:6      | Noticed a +0 dagger
  6473 | D:6      | Noticed a +0 hand axe
  6585 | D:6      | Found a glowing golden altar of the Shining One.
  6961 | D:6      | Found a shadowy altar of Dithmenos.
  7319 | D:7      | Reached skill level 5 in Spellcasting
  7319 | D:7      | Reached skill level 5 in Conjurations
  7381 | D:7      | Learned a level 5 spell: Lee's Rapid Deconstruction
  7719 | D:7      | Reached skill level 1 in Fighting
  7719 | D:7      | Reached skill level 1 in Armour
  7719 | D:7      | Reached skill level 1 in Invocations
  7934 | D:7      | Found a snail-covered altar of Cheibriados.
  7958 | D:7      | Found a transporter.
  7973 | D:7      | Noticed a manticore
  7974 | D:7      | Noticed Silvore's ghost (novice DsGl)
  7984 | D:7      | Found a transporter.
  8022 | D:7      | Found a runed translucent door.
  8022 | D:7      | Noticed Prince Ribbit
  8027 | D:7      | Killed Prince Ribbit
  8028 | D:7      | Reached XP level 9. HP: 48/48 MP: 12/16
  8056 | D:7      | Found the +10 tower shield of Ignorance {rN+ Int-4}
  8072 | D:7      | Found a runed translucent door.
  8099 | D:7      | Found a staircase to the Ecumenical Temple.
  8106 | Temple   | Entered the Ecumenical Temple
  8316 | D:7      | Noticed a moth of wrath
  8430 | D:7      | Found Habon's Antique Weapon Shop.
  8579 | D:7      | Noticed an orange crystal statue
  8651 | D:8      | Reached skill level 5 in Dodging
  8803 | D:7      | Reached skill level 7 in Earth Magic
  9277 | D:8      | Reached *** piety under Fedhas
 10093 | D:8      | Found a burning altar of Makhleb.
 10190 | D:9      | Found an iron altar of Okawaru.
 10225 | D:9      | Reached XP level 10. HP: 58/58 MP: 14/17
 10254 | D:9      | Reached skill level 8 in Earth Magic
 10418 | D:9      | Noticed a two-headed ogre
 10425 | D:9      | Killed a two-headed ogre
 10613 | D:9      | Noticed a two-headed ogre
 10619 | D:9      | Killed a two-headed ogre
 10620 | D:9      | Reached skill level 5 in Fighting
 10620 | D:9      | Reached skill level 5 in Armour
 10620 | D:9      | Reached skill level 5 in Invocations
 10719 | D:9      | Found a glowing golden altar of the Shining One.
 10982 | D:10     | Entered Level 10 of the Dungeon
 11219 | D:10     | Got a slimy robe
 11236 | D:10     | Identified the +2 robe "Affoali" {rElec Regen+} (You found
                  | it on level 10 of the Dungeon)
 11265 | D:10     | Noticed a two-headed ogre
 11274 | D:10     | Killed a two-headed ogre
 11275 | D:10     | Reached skill level 9 in Earth Magic
 11407 | D:10     | Found Qyugade's General Store.
 11415 | D:10     | Bought a +1 helmet of see invisible for 231 gold pieces
 11415 | D:10     | Bought a scroll of identify for 28 gold pieces
 11415 | D:10     | Bought a scroll of identify for 28 gold pieces
 11415 | D:10     | Bought a scroll of blinking for 105 gold pieces
 11429 | D:10     | Reached **** piety under Fedhas
 11769 | D:11     | Found a frozen archway.
 11804 | D:11     | Mangled by an ice devil

Illustrated notes

Levels and vault maps discovered:
D:1:      scummos_arrival_star, layout_basic
D:2:      cheibrodos_greedy_goblins, layout_basic,
          nicolae_overflow_crystal_walls, minmay_lizard_pond
D:3:      layout_rooms
D:4:      cheibrodos_barr_body, layout_basic, fedhas_altar_3,
          gammafunk_temple_overflow_arena, nicolae_qazlal_general_emergency
D:5:      layout_loops_ring, nzn_hepliaklqana_mist_gate, zin_academy,
          hangedman_decor_diamond_cutter
D:6:      layout_basic, nicolae_dithmenos_through_a_glass_darkly,
          lemuel_round_altar, dancing_weapons_uskayaw,
          cheibrodos_sewer_entry_drain, hangedman_abyss_or_decor_stagger,
          kennysheep_windowed_goal
D:7:      layout_loops_ring, slow_altar_1, minmay_temple_entry_arrows,
          serial_shops, kennysheep_mini_moat, gammafunk_ghost_berserking_beasts,
          chequers_guarded_unrand_ignorance, uniq_prince_ribbit1
D:8:      layout_cave_pools, makhleb_blood_cavern_becter, grunt_ogre_cave
D:9:      layout_roguey, okawaru_metal_pillars_1_2, david_defended_altar_elf
D:10:     layout_cave_pools, serial_shops, shop, st_stairs_1
D:11:     layout_basic, dpeg_oklobed_lair, orc_david_3, enter_bailey_8,
          portal_ice_cave_demonic_guard, serial_shops, nicolae_shop_waterfront,
          uniq_harold
Temple:   compressed_dpeg_circular_temple

Skill      XL: |  1  2  3  4  5  6  7  8  9 10 |
---------------+-------------------------------+-----
Transmutations | 1 2 |  2.0
Earth Magic    | 4 5 6 7 9 |  9.3
Dodging        | 2 3 4 5 6 |  6.2
Spellcasting   | 3 4 5 |  5.0
Conjurations   | 1 2 4 5 |  5.0
Fighting       | 2 4 6 |  6.3
Armour         | 2 4 5 |  5.4
Invocations    | 2 4 6 |  6.2
Throwing       | |  0.4
Stealth        | |  2.2

Action                   |  1- 3 |  4- 6 |  7- 9 | 10-12 || total
-------------------------+-------+-------+-------+-------++-------
Melee: Dagger            |    16 |     8 |       |       ||    24
       Rapier            |       |   123 |   167 |       ||   290
       Spear             |       |       |    20 |    45 ||    65
Throw: Boomerang         |    26 |       |       |       ||    26
 Cast: Sandblast         |    51 |    51 |   148 |    48 ||   298
       Passwall          |       |     1 |     1 |       ||     2
       Stone Arrow       |       |       |     5 |       ||     5
  Use: Scroll            |     3 |     8 |     7 |     5 ||    23
       Potion            |       |       |       |     1 ||     1
Armor: Robe              |    18 |    84 |    57 |    13 ||   172
       Leather armour    |       |       |    41 |    12 ||    53
Dodge: Dodged            |    30 |   143 |   196 |    62 ||   431
